 Dungeon Crawl Stone Soup version 0.24.0-13-gcf9b319 (webtiles) character file.

Game seed: 8241856656803037290, levelgen mode: deterministic

187 Bronimir the Cudgeler (level 5, -9/49 HPs)
             Began as a Gargoyle Monk on Mar 13, 2020.
             Was a Believer of Trog.
             Killed from afar by a steam dragon (19 damage)
             ... with a ball of steam
             ... on level 3 of the Dungeon.
             The game lasted 00:05:20 (2539 turns).

Bronimir the Cudgeler (Gargoyle Monk)               Turns: 2539, Time: 00:05:21

Health: -9/49      AC: 11    Str: 21    XL:     5   Next: 66%
Magic:  5/5        EV: 12    Int: 10    God:    Trog [**....]
Gold:   82         SH:  0    Dex: 12    Spells: 4/4 levels left

rFire    . . .     SeeInvis .   a - +0 flail
rCold    . . .     Gourm    .   (no shield)
rNeg     + . .     Faith    .   w - +0 ring mail
rPois    ∞         Spirit   .   (no helmet)
rElec    +         Reflect  .   v - +1 cloak
rCorr    .         Harm     .   (no gloves)
MR       +....                  (no boots)
Stlth    ..........             (no amulet)
HPRegen  0.16/turn              f - ring of protection from magic
MPRegen  0.09/turn              (no ring)

@: berserking, very quick
A: negative energy resistance 1, electricity resistance, unbreathing,
petrification resistance, rot immunity, AC +4
a: Berserk, Trog's Hand, Renounce Religion


You were on level 3 of the Dungeon.
You worshipped Trog.
Trog was pleased with you.
You were very hungry.

You visited 1 branch of the dungeon, and saw 3 of its levels.

You collected 82 gold pieces.

Inventory:

Hand Weapons
 a - a +0 flail (weapon)
 p - a +0 spear
Missiles
 d - 70 stones (quivered)
 k - 83 arrows
 q - 25 bolts
Armour
 i - a +0 leather armour
 n - a +0 robe
 v - a +1 cloak (worn)
 w - a +0 ring mail (worn)
Jewellery
 f - a ring of protection from magic (left hand)
Scrolls
 l - 3 scrolls of identify
 u - a scroll of blinking
Potions
 e - 3 potions of flight {unknown}
 h - a potion of ambrosia
 j - a potion of heal wounds {unknown}
 m - a potion of might {unknown}
 o - 3 potions of brilliance {unknown}
 r - a potion of berserk rage {unknown}
 s - 2 potions of magic {unknown}
Comestibles
 c - 5 rations
 t - a chunk of flesh


   Skills:
 + Level 3.9 Fighting
 * Level 4.5 Maces & Flails
   Level 1.5 Slings
 * Level 1.8 Armour
 + Level 3.0 Dodging
 - Level 2.2 Stealth


You had 4 spell levels left.
You didn't know any spells.
Your spell library contained the following spells:

 Spells                   Type           Power        Failure   Level  Hunger
 Animate Skeleton         Necr           N/A          52%         1    ##.....
 Pain                     Necr           #...         52%         1    ##.....
 Regeneration             Chrm/Necr      #.........   88%         3    ####...
 Vampiric Draining        Necr           #.........   88%         3    ####...
 Animate Dead             Necr           N/A          99%         4    #####..


Dungeon Overview and Level Annotations

Branches:
Dungeon (3/15)

Altars:
Ashenzari
Fedhas
Nemelex Xobeh
Ru
Trog
Vehumet


Innate Abilities, Weirdness & Mutations

You are resistant to torment.
Your stone body is resilient. (AC +4)
You are immune to poison.
You resist negative energy. (rN+)
You are resistant to electric shocks. (rElec)
You can survive without breathing.
You are immune to petrification.
You are immune to rotting.


Message History

The steam dragon is heavily wounded.
You are engulfed in a cloud of scalding steam.
The steam dragon bites you but does no damage.
The steam dragon barely misses you.
You are too injured to fight recklessly!
A red film seems to cover your vision as you go berserk!
You feel yourself moving faster!
You feel mighty!
You are feeling very hungry.
You are engulfed in a cloud of scalding steam.
The steam dragon bites you.
* * * LOW HITPOINT WARNING * * *
The steam dragon claws you.
* * * LOW HITPOINT WARNING * * *
You feel a strong urge to attack something.
The steam dragon barely misses you. The steam dragon closely misses you.
You closely miss the steam dragon.
The steam dragon is heavily wounded.
The steam dragon breathes steam at you. The ball of steam hits you!!
You die...

########.............
##.....##.#####.######.
##.........# #
#.........##
#.........# #.........#
#....§....#
#.........#####
#...?.D@.......
#..≈......####.
#..≈≈≈≈...# #..≈_≈....#
#..≈≈≈....# ##≈≈..≈..##
##.....## #######


You could see a steam dragon.

Vanquished Creatures
  A centaur (D:3)
  5 adders
  An ooze (D:2)
  A dart slug (D:2)
  A worm (D:2)
  A leopard gecko (D:1)
  2 orcs (D:3)
  7 bats
  A giant cockroach (D:2)
  6 hobgoblins
  4 jackals
  2 quokkas
  6 frilled lizards
  4 goblins
  6 kobolds
  10 rats
58 creatures vanquished.

Notes
Turn   | Place    | Note
-------+----------+-------------------------------------------
     0 | D:1      | Bronimir the Gargoyle Monk began the quest for the Orb.
     0 | D:1      | Reached XP level 1. HP: 14/14 MP: 1/1
   340 | D:1      | Reached XP level 2. HP: 19/19 MP: 2/2
   760 | D:2      | Reached XP level 3. HP: 15/23 MP: 3/3
  1298 | D:2      | Reached XP level 4. HP: 29/29 MP: 4/4
  1427 | D:2      | Reached skill level 1 in Armour
  1741 | D:2      | Found a bloodstained altar of Trog.
  1751 | D:2      | Found a radiant altar of Vehumet.
  1752 | D:2      | Found a sparkling altar of Nemelex Xobeh.
  1753 | D:2      | Found a shattered altar of Ashenzari.
  1902 | D:2      | Became a worshipper of Trog the Wrathful
  1902 | D:2      | Reached * piety under Trog
  1902 | D:2      | Reached ** piety under Trog
  1938 | D:2      | Found a sacrificial altar of Ru.
  2191 | D:3      | Noticed a centaur
  2196 | D:3      | Killed a centaur
  2196 | D:3      | Reached skill level 4 in Maces & Flails
  2196 | D:3      | Reached skill level 1 in Slings
  2196 | D:3      | Reached XP level 5. HP: 29/33 MP: 5/5
  2523 | D:3      | Noticed a steam dragon
  2530 | D:3      | Found a blossoming altar of Fedhas.
  2539 | D:3      | Killed from afar by a steam dragon

Levels and vault maps discovered:
D:1:      dpeg_arrival_concentric_ovals, layout_basic
D:2:      layout_basic, minitemple, hangedman_abyss_or_decor_lesser_grid,
          nicolae_ru_path_of_blood
D:3:      layout_rooms, first_ration, fedhas_altar_2

Skill      XL: |  1  2  3  4 |
---------------+-------------+-----
Armour         | 1 |  1.8
Maces & Flails | 4 |  4.5
Slings         | 1 |  1.5
Dodging        | 3 |  3.0
Fighting       | |  3.9
Stealth        | |  2.2

Action                   |  1- 3 |  4- 6 || total
-------------------------+-------+-------++-------
Melee: Mace              |    74 |    23 ||    97
       Flail             |       |    73 ||    73
 Fire: Hunting sling     |    37 |     8 ||    45
Invok: Berserk           |       |     2 ||     2
  Use: Scroll            |     6 |     2 ||     8
 Stab: Sleeping          |     3 |     3 ||     6
  Eat: Chunk             |     1 |     5 ||     6
Armor: Robe              |    21 |       ||    21
       Leather armour    |    36 |    32 ||    68
       Ring mail         |       |    15 ||    15
Dodge: Dodged            |    96 |    78 ||   174
